 Dungeon Crawl Stone Soup version 0.29.1-2-gbd0b4ee654 (webtiles) character file.

Game seed: 15181370261947057935

133 kingsuperguy the Ruffian (level 5, 0/46 HPs)
             Began as a Ghoul Monk on Nov 20, 2022.
             Slain by an adder (2 damage)
             ... on level 5 of the Dungeon.
             The game lasted 00:04:50 (3109 turns).

kingsuperguy the Ruffian (Ghoul Monk)               Turns: 3109, Time: 00:04:52

Health: 0/46       AC:  8    Str: 15 (17) XL:     5   Next: 16%
Magic:  4/4        EV:  7    Int:  3 (5)  God:
Gold:   134        SH:  0    Dex: 11      Spells: 4/4 levels left

rFire   + . .      SeeInvis .     - Unarmed
rCold   + + .      Faith    .   (no shield)
rNeg    + + +      Spirit   .   q - +0 chain mail
rPois   ∞          Reflect  .   (no helmet)
rElec   +          Harm     .   (no cloak)
rCorr   +          Rampage  .   (no gloves)
Will    .....                   (no boots)
Stlth   ..........              (no amulet)
HPRegen 0.00/turn               (no ring)
MPRegen 0.09/turn               (no ring)

@: mighty, resistant, flying, inhibited regen
A: claws 1, cold resistance 1, negative energy resistance 3, inhibited
regeneration, torment resistance 2, devour on kill
a: no special abilities


You were on level 5 of the Dungeon.
You visited 1 branch of the dungeon, and saw 5 of its levels.

You collected 134 gold pieces.

Inventory:

Hand Weapons
 s - a +2 war axe of freezing
Missiles
 n - 9 poisoned darts (quivered)
Armour
 a - a +0 robe
 e - a +0 ring mail
 q - a +0 chain mail (worn)
Jewellery
 f - an amulet of magic regeneration
 l - an amulet of the acrobat
Wands
 v - a wand of flame (28)
 w - a wand of acid (7)
Scrolls
 g - 4 scrolls of amnesia {unknown}
 h - a scroll of silence {unknown}
 j - 3 scrolls of identify {unknown}
 k - 2 scrolls of vulnerability {unknown}
 m - 5 scrolls of poison {unknown}
 o - a scroll of fear {unknown}
 p - a scroll of brand weapon {unknown}


   Skills:
 + Level 3.7 Fighting
 * Level 1.8 Armour
 + Level 3.1 Dodging
 + Level 2.3 Stealth
 * Level 5.0 Unarmed Combat


You had 4 spell levels left.
You didn't know any spells.
Your spell library was empty.

Dungeon Overview and Level Annotations

Branches:
Dungeon (5/15)
 Temple: D:4-7

Altars:
Vehumet

Portals:
Sewer: D:5

Annotations:
D:4 Robin


Innate Abilities, Weirdness & Mutations

You are immune to poison.
You have sharp fingernails.
Your flesh is cold resistant. (rC+)
You are immune to negative energy. (rN+++)
You do not regenerate when monsters are visible.
You are immune to unholy pain and torment.
You thrive by killing the living.


Message History

* * * LOW HITPOINT WARNING * * *
The adder bites you but does no damage.
You feel better. The giant cockroach closely misses you.
The giant cockroach bites you but does no damage.
The adder completely misses you.
It was a potion of flight.
You feel very buoyant.
You fly up into the air.
The giant cockroach splashes around in the water.
The giant cockroach bites you but does no damage.
The adder bites you but does no damage.
It was a potion of might.
You feel very mighty all of a sudden. The adder closely misses you.
The giant cockroach bites you but does no damage.
The giant cockroach closely misses you.
The ogre hits you with a +0 giant spiked club!
* * * LOW HITPOINT WARNING * * *
The adder barely misses you.
The giant cockroach splashes around in the water. x2
It was a potion of resistance.
You feel protected. The adder bites you.
* * * LOW HITPOINT WARNING * * *
The giant cockroach bites you.
* * * LOW HITPOINT WARNING * * *
The giant cockroach splashes around in the water.
It was a potion of mutation.
You feel extremely strange.
Your body decomposes!
You feel dopey.
Your body decomposes!
You feel dopey.
Your body decomposes!
You feel weakened.
Your body decomposes!
You feel weakened.
The ogre hits you with a +0 giant spiked club.
* * * LOW HITPOINT WARNING * * *
The adder bites you.
You die...

.######.##......###........
....# #.#####.#>...........
.##.# #.# #.#..#...#....#
.# # #.#####..|.~~~~~...##
.. #.? .....#~~~~~~~#.# #.#
### #.#..~~~~~~~~.# .#
#....~~~∩~~~...#
###..BS~~~~~!..#
#.#@B~~~~~#...
#...O~~~~....#
#...#..~#...##
#.##........... #.#
###......### ## .#.###.# .#
.#


You could see an ogre, an adder and 2 giant cockroaches.

Vanquished Creatures
  An orc wizard (D:4)
  An adder (D:3)
  A gnoll (D:1)
  A white imp (D:5)
  A dart slug (D:2)
  5 orcs
  9 ball pythons
  3 endoplasms
  3 giant cockroaches
  14 goblins
  4 hobgoblins
  5 kobolds
  6 quokkas
  7 bats
  7 rats
68 creatures vanquished.

Notes
Turn   | Place    | Note
-------+----------+-------------------------------------------
     0 | D:1      | kingsuperguy the Ghoul Monk began the quest for the Orb.
     0 | D:1      | Reached XP level 1. HP: 19/19 MP: 0/0
   190 | D:1      | Reached XP level 2. HP: 24/26 MP: 1/1
   851 | D:1      | Reached skill level 4 in Unarmed Combat
   851 | D:1      | Reached XP level 3. HP: 13/31 MP: 2/2
   851 | D:1      | Found a faded altar of an unknown god.
  2172 | D:3      | Reached XP level 4. HP: 29/40 MP: 3/3
  2214 | D:3      | Reached skill level 1 in Armour
  2723 | D:4      | Reached XP level 5. HP: 14/46 MP: 4/4
  2957 | D:4      | Found a radiant altar of Vehumet.
  2966 | D:4      | Reached skill level 5 in Unarmed Combat
  2980 | D:4      | Noticed Robin
  2995 | D:5      | Entered Level 5 of the Dungeon
  3083 | D:5      | Noticed an ogre
  3084 | D:5      | Found a glowing drain.
  3109 | D:5      | HP: 2/46 [ogre/+0 giant spiked club (3)]
  3109 | D:5      | Slain by an adder

Illustrated notes

Levels and vault maps discovered:
D:1:      heliophobic_arrival_dark_side_of_the_moon, layout_basic,
          ebering_ecumenical_altar_rust
D:2:      layout_basic, skrybe_limestone_x
D:3:      layout_rooms, minmay_misc_feat_diagonals, nrook_mini_vaults,
          minmay_misc_feat_rows
D:4:      layout_rooms, vehumet_altar_wand_db, uniq_robin
D:5:      layout_loops_corners, minmay_temple_entry_mist,
          cheibrodos_sewer_entry_drain

Skill      XL: |  1  2  3  4  5 |
---------------+----------------+-----
Dodging        | 3 |  3.1
Unarmed Combat | 4 5 |  5.0
Armour         | 1 |  1.8
Fighting       | |  3.7
Stealth        | |  2.3

Action                   |  1- 3 |  4- 6 || total
-------------------------+-------+-------++-------
Melee: Unarmed           |   113 |    99 ||   212
       Punch             |     3 |       ||     3
  Use: Potion            |       |     9 ||     9
 Stab: Sleeping          |     1 |       ||     1
Armor: Robe              |     4 |       ||     4
       Ring mail         |    19 |       ||    19
       Chain mail        |    17 |    85 ||   102
Dodge: Dodged            |    65 |    43 ||   108
